Cogmind - Beta 14 @@@ ROGUE MODE // 2024.11.18 @ 15:48:25 Player: atomicthumbs Result: Destroyed by B-75 Beast with Magnetic Acceleration Cannon Performance ------------- Evolutions (1) 500 Regions Visited (5) 1000 Robots Destroyed (76) 380 Value Destroyed (2207) 2207 Prototype IDs (11) 220 Alien Tech Used (0) 0 Bonus (851) 851 TOTAL SCORE: 5158 Bonus ------- High Alert Combat Kills 127 Follower Combat Kills 124 Met Imprinter 300 Was Imprinted 300 Cogmind --------- Core Integrity 0/400 Matter 196/300 Energy 420/420 System Corruption 8% Temperature Warm (102) Movement Walking (190) Ox1 Location -6/Proximity Caves Parts ------- > --- POWER (1) -------- Makeshift Power Source > --- PROPULSION (4) --- Advanced Treads Improved Medium Treads Carbon-fiber Leg > --- UTILITY (2) ------ High-capacity Battery Layered Medium Armor Plating > --- WEAPON (2) ------- Guided Missile Launcher > --- INVENTORY (5) ---- Drone Bay (2/2) Phasing AFG Magnetic Acceleration Cannon Molecular Deconstructor Peak State ------------ > --- POWER ------------ Makeshift Power Source > --- PROPULSION ------- Advanced Treads Advanced Treads Improved Medium Treads Carbon-fiber Leg > --- UTILITY ---------- High-capacity Battery Phasing AFG > --- WEAPON ----------- Molecular Deconstructor > --- INVENTORY -------- Salvage Targeting Computer Drone Bay Magnetic Acceleration Cannon Guided Missile Launcher [Rating: 52] Favorites ----------- Power Makeshift Power Source Engine Makeshift Power Source Propulsion Advanced Treads Treads Advanced Treads Leg Aluminum Leg Wheel Wheel Utility Hardened Medium Armor Plating Device Shield Generator Storage High-capacity Battery Processor Signal Interpreter Protection Hardened Medium Armor Plating Weapon Guided Missile Launcher Energy Gun Improved EM Shotgun Energy Cannon Light EM Pulse Cannon Ballistic Gun Gauss Rifle Launcher Guided Missile Launcher Special Weapon Molecular Deconstructor Special Melee Weapon Datajack Build | -11 -10 -9 -9 -7 -6 ------- Run | Yrd Mat Mat Min Zio Pro Slots Evolved 2 | . . 2 . . . Power . | . . . . . . Propulsion 2 | . . 2 . . . Utility . | . . . . . . Weapon . | . . . . . . Parts Attached 107 | 6 7 65 2 11 16 Power 12 | 1 1 5 1 1 3 Engine 12 | 1 1 5 1 1 3 Core . | . . . . . . Reactor . | . . . . . . Propulsion 31 | 2 . 26 . . 3 Treads 15 | . . 13 . . 2 Leg 14 | 2 . 11 . . 1 Wheel 2 | . . 2 . . . Hover . | . . . . . . Flight . | . . . . . . Utility 21 | . 3 8 . 5 5 Device 9 | . 2 2 . 2 3 Storage 2 | . . . . 1 1 Processor 2 | . 1 1 . . . Hackware . | . . . . . . Protection 8 | . . 5 . 2 1 Artifact . | . . . . . . Weapon 43 | 3 3 26 1 5 5 Energy Gun 12 | 2 1 9 . . . Energy Cannon 12 | . . 10 1 1 . Ballistic Gun 3 | 1 1 . . 1 . Ballistic Cannon . | . . . . . . Launcher 10 | . 1 6 . 2 1 Special Weapon 5 | . . . . 1 4 Impact Weapon . | . . . . . . Slashing Weapon . | . . . . . . Piercing Weapon . | . . . . . . Special Melee Weapon 1 | . . 1 . . . Unidentified Prototypes 9 | . . 4 . 4 1 Corrupted Parts 4 | . . 2 1 . 1 System Corruption 17 | . . 10 5 . 2 Parts Lost 24 | . . 18 1 . 5 Power 3 | . . 2 . . 1 Propulsion 11 | . . 8 . . 3 Utility 2 | . . 1 . . 1 Weapon 8 | . . 7 1 . . Highest Loss Streak 6 | . . 6 1 . 3 To Critical Strikes 1 | . . 1 . . . Average Slot Usage (%) 90 | . 98 93 90 91 83 Engine 11 | . 14 10 11 11 10 Treads 34 | . . 23 44 44 32 Leg 5 | . 28 12 . . 7 Device 3 | . 23 3 . 1 2 Storage 1 | . . . . . 8 Processor 3 | . 2 11 11 . . Protection 13 | . . 6 11 19 11 Energy Gun 1 | . 9 5 . . . Energy Cannon 3 | . . 6 8 3 . Ballistic Gun 2 | . 13 . . 3 . Launcher 6 | . 4 8 4 7 3 Special Weapon 1 | . . . . . 7 Peak Build Rating 52 | 5 7 23 23 41 52 Average Rating 29 | 3 6 18 19 34 39 On Entrance 14 | . 5 7 23 18 36 Naked Turns . | . . . . . . Heaviest Build 45 | 5 10 23 23 45 28 Greatest Support 88 | 20 20 88 22 66 30 Greatest Overweight (x) 1 | . . 1 1 1 1 Average Overweight (x) . | . . . . . . Largest Inventory Capacity 5 | 5 5 5 5 5 5 Average Capacity 5 | 5 5 5 5 5 5 Most Carried 5 | 5 5 5 5 5 5 Average Carried 4 | 2 4 4 4 4 4 Final Capacity 5 | 5 5 5 5 5 5 Final Carried 5 | 5 5 4 5 5 5 Class Distribution -------------------- 87% | Mutant 9% | Derelict-Mutant 3% | Scavenger-Mutant Dominant Class ---------------- Mutant | -10/Materials Mutant | -9/Materials Mutant | -9/Mines Mutant | -7/Zion Mutant | -6/Proximity Caves Resources | -11 -10 -9 -9 -7 -6 ----------- Run | Yrd Mat Mat Min Zio Pro Matter Collected 1795 | 271 122 889 45 120 348 Remotely . | . . . . . . Salvage Created 2456 | 43 264 1809 62 . 278 Parts 153 | 2 25 109 5 . 12 Haulers Intercepted 3 | . . 3 . . . Recyclers Shooed 2 | . . 2 . . . Parts Field Recycled . | . . . . . . Retrieved Matter . | . . . . . . Parts Self-Destructed 7 | . . . . . 7 Prevented . | . . . . . . Kills | -11 -10 -9 -9 -7 -6 ------- Run | Yrd Mat Mat Min Zio Pro Combat Hostiles Destroyed 53 | 1 8 33 2 . 9 Melee 1 | . . . 1 . . Guns 17 | 1 1 15 . . . Cannons 8 | . . 6 . . 2 AOE 22 | . 7 11 1 . 3 Classes Destroyed 14 | 1 3 7 . . 3 Worker 7 | . 1 6 . . . Builder 4 | . 2 2 . . . Tunneler 1 | . . 1 . . . Hauler 3 | . . 3 . . . Recycler 1 | . . 1 . . . Operator 3 | . . 3 . . . Watcher 4 | . 2 2 . . . Swarmer 11 | . . 11 . . . Grunt 28 | 1 8 15 2 . 2 Duelist 1 | . . 1 . . . Sentry 7 | . . 6 . . 1 Specialist 3 | . . . . . 3 Hunter 2 | . . . . . 2 Programmer 1 | . . . . . 1 Best Kill Streak 9 | 1 7 9 1 . 6 Combat Bots Only 7 | 1 6 7 1 . 6 Max Kills in Single Turn 3 | 1 3 3 1 . 2 Gunslinging . | . . . . . . Exploded 2 | . 1 2 1 . 2 Melee 1 | . . . 1 . . Uniques/NPCs Destroyed . | . . . . . . Combat | -11 -10 -9 -9 -7 -6 -------- Run | Yrd Mat Mat Min Zio Pro Hostile Shots Fired 559 | 13 24 357 20 . 145 Missed 170 | 1 6 97 3 . 63 Damage Taken 4257 | 131 272 2553 265 . 1036 Core 524 | 33 66 278 32 . 115 Absorbed by Shields 333 | . . 333 . . . Regen/Repaired (Parts) 66 | . . 49 . 17 . Core Remaining (%) 73 | 86 60 . . . . Volleys Fired 172 | 11 21 107 4 . 29 Largest 2 | 2 2 2 1 . 2 Hottest 112 | 60 60 112 56 . 39 Shots Fired 244 | 22 37 150 4 . 31 Gun 141 | 22 27 92 . . . Cannon 36 | . . 34 2 . . Launcher 48 | . 10 24 2 . 12 Special 19 | . . . . . 19 Kinetic 32 | 11 21 . . . . Thermal 27 | 11 6 10 . . . Explosive 29 | . 10 . . . 19 Electromagnetic 144 | . . 140 4 . . Robot Hit Streak 10 | 6 7 10 4 . 8 Robot Miss Streak 4 | 2 3 4 3 . 1 Penetration Max . | . . . . . . Secondary Targets 4 | . . 4 . . . Max Gunslinging Chain 1 | . . 1 . . . Shots Hit Robots 158 | 13 21 107 1 . 16 Core Hits 108 | 2 22 68 4 . 12 Critical Kills . | . . . . . . Critical Parts Destroyed . | . . . . . . Critical Strikes 2 | . . . . . 2 Sever 2 | . . . . . 2 Melee Attacks 5 | . . 5 . . . Impact . | . . . . . . Slashing . | . . . . . . Piercing . | . . . . . . Sneak Attacks . | . . . . . . Combat Hostiles . | . . . . . . Follow-up Attacks . | . . . . . . Damage Inflicted 5518 | 159 1031 2809 62 . 1457 Guns 1446 | 159 176 1111 . . . Cannons 438 | . . 438 . . . Explosions 3416 | . 855 1246 55 . 1260 Melee . | . . . . . . Ramming 24 | . . 14 7 . 3 Kinetic 199 | 56 143 . . . . Thermal 1080 | 103 303 674 . . . Explosive 1754 | . 494 . . . 1260 Electromagnetic 2267 | . 91 2121 55 . . Impact . | . . . . . . Slashing 194 | . . . . . 194 Piercing . | . . . . . . Highest Corruption 19 | . 2 14 19 19 8 Average Corruption 7 | . 1 8 16 19 6 Corruption Purged . | . . . . . . Corruption Blocked . | . . . . . . Effects 108 | . 1 56 4 5 42 Message Errors 25 | . . 15 . 1 9 Matter Fused 25 | . 1 14 . 1 9 Heat Flow Errors 16 | . . 8 1 1 6 Energy Discharges 8 | . . 3 . . 5 Parts Rejected 1 | . . 1 . . . Data Loss (minor) 14 | . . 6 1 1 6 Data Loss (major) 6 | . . 2 . 1 3 Alerts 6 | . . 1 1 . 4 Misdirections 3 | . . 2 1 . . Weapon Failures 4 | . . 4 . . . Overload Shots . | . . . . . . Overflow Damage 184 | . 105 64 . . 15 Projectiles . | . . . . . . Explosions 184 | . 105 64 . . 15 Melee . | . . . . . . Knockbacks . | . . . . . . Impact . | . . . . . . Kinetic . | . . . . . . Secondary . | . . . . . . Self-Inflicted Damage 238 | . 33 192 10 . 3 Shots 14 | . 2 11 1 . . Rammed 6 | . . 2 4 . . Targets Rammed 9 | . . 4 5 . . Kicked 2 | . . 2 . . . Crushed 1 | . . . 1 . . Highest Temperature 259 | 132 30 259 119 111 225 Average Temperature 63 | 65 19 62 38 62 76 Received Heat Transfer 1040 | 72 108 578 141 . 141 Siege Activations . | . . . . . . Robots Corrupted 1 | . . 1 . . . Combat Hostiles 1 | . . 1 . . . Parts Fried 9 | . . 9 . . . Impact Corruptions . | . . . . . . Robots Melted . | . . . . . . Combat Hostiles . | . . . . . . Parts Melted . | . . . . . . Heat Transferred 1335 | 225 225 885 . . . Parts Sabotaged . | . . . . . . Parts Stolen . | . . . . . . Parts Stripped . | . . . . . . Power Chain Reactions 11 | . . 11 . . . Alert | -11 -10 -9 -9 -7 -6 ------- Run | Yrd Mat Mat Min Zio Pro Peak Influence 680 | 20 387 680 320 . . Initial 265 | . 13 78 265 . . Average 353 | 2 94 436 302 . . Maximum Alert Level 2 | . 1 2 1 . . Low Security (%) 29 | 100 86 13 . . . Level 1 19 | . 13 17 100 . . Level 2 51 | . . 68 . . . Level 3 . | . . . . . . Level 4 . | . . . . . . Level 5 . | . . . . . . High Security . | . . . . . . Max Security . | . . . . . . Squads Dispatched 10 | . 3 7 . . . Investigation 5 | . 2 3 . . . Extermination . | . . . . . . Reinforcement 5 | . 1 4 . . . Assault . | . . . . . . Garrison . | . . . . . . Intercept . | . . . . . . Searches Triggered . | . . . . . . Construction Impeded 2 | . . 2 . . . Haulers Reinforced . | . . . . . . Active Scanning Responses . | . . . . . . Cargo Convoy Interrupts . | . . . . . . Stealth | -11 -10 -9 -9 -7 -6 --------- Run | Yrd Mat Mat Min Zio Pro Distress Signals 3 | . 1 2 . . . Communications Jammed . | . . . . . . Distress Signals . | . . . . . . Times Spotted 83 | 1 12 53 3 . 14 Peak Tracking Total 9 | 1 5 9 2 . 6 Tactical Retreats 10 | . . 8 1 . 1 Traps | -11 -10 -9 -9 -7 -6 ------- Run | Yrd Mat Mat Min Zio Pro Traps Triggered 6 | . 3 3 . . . Indirectly 1 | . . 1 . . . Trap Hack Attempts . | . . . . . . Triggered . | . . . . . . Disarmed . | . . . . . . Reprogrammed . | . . . . . . Reused . | . . . . . . Traps Extracted . | . . . . . . Installed . | . . . . . . Triggered . | . . . . . . Machines | -11 -10 -9 -9 -7 -6 ---------- Run | Yrd Mat Mat Min Zio Pro Machines Disabled 15 | . 3 12 . . . Max in Single Turn 2 | . 2 2 . . . Machines Repaired . | . . . . . . Machines Dismantled . | . . . . . . Machines Sabotaged . | . . . . . . Overloaded Fab Kills . | . . . . . . Hacking | -11 -10 -9 -9 -7 -6 --------- Run | Yrd Mat Mat Min Zio Pro Machines Accessed 13 | . 2 11 . . . Terminals 11 | . 2 9 . . . Fabricators . | . . . . . . Repair Stations 1 | . . 1 . . . Recycling Units 1 | . . 1 . . . Scanalyzers . | . . . . . . Garrison Access . | . . . . . . Total Hacks 47 | . 5 42 . . . Successful 20 | . 1 19 . . . Failed 27 | . 4 23 . . . Catastrophic 4 | . . 4 . . . Database Lockouts . | . . . . . . Manual 14 | . 2 2 . 9 1 Terminals 37 | . 5 32 . . . Fabricators . | . . . . . . Repair Stations 8 | . . 8 . . . Recycling Units 2 | . . 2 . . . Scanalyzers . | . . . . . . Garrison Access . | . . . . . . Terminal Hacks 13 | . 1 12 . . . Record 5 | . . 5 . . . Prototype ID Bank 1 | . . 1 . . . Alert Level 2 | . . 2 . . . Unreport Threat 1 | . . 1 . . . Recall Investigation 1 | . . 1 . . . Hauler Manifests 2 | . 1 1 . . . Registered Components 1 | . . 1 . . . Fabricator Hacks . | . . . . . . Repair Station Hacks 6 | . . 6 . . . Scan Component 4 | . . 4 . . . Repair 2 | . . 2 . . . Recycling Unit Hacks 1 | . . 1 . . . Report Inventory 1 | . . 1 . . . Scanalyzer . | . . . . . . Garrison Access Hacks . | . . . . . . Unauthorized Hacks . | . . . . . . Terminals . | . . . . . . Fabricators . | . . . . . . Repair Stations . | . . . . . . Recycling Units . | . . . . . . Scanalyzers . | . . . . . . Garrison Access . | . . . . . . Data Cores Recovered 1 | . . 1 . . . Used . | . . . . . . Hacking Detections 12 | . 2 10 . . . Full Trace Events 4 | . 1 3 . . . Feedback Events . | . . . . . . Feedback Blocked . | . . . . . . Robot Schematics Acquired 3 | . . . . 3 . Robots Built . | . . . . . . Authchips . | . . . . . . Time . | . . . . . . Total Robot Build Rating . | . . . . . . Part Schematics Acquired 15 | . . . . 15 . Parts Built . | . . . . . . Authchips . | . . . . . . Time . | . . . . . . Total Part Build Rating . | . . . . . . Parts Repaired 2 | . . 2 . . . Time 58 | . . 58 . . . Parts Recycled . | . . . . . . Recycled Matter . | . . . . . . Retrieved Matter . | . . . . . . Retrieved Components . | . . . . . . Parts Scanalyzed . | . . . . . . Part Schematics Acquired . | . . . . . . Parts Damaged . | . . . . . . Bothacking | -11 -10 -9 -9 -7 -6 ------------ Run | Yrd Mat Mat Min Zio Pro Used RIF Installer . | . . . . . . Robots Hacked . | . . . . . . Non-combat . | . . . . . . Combat . | . . . . . . Robot Hacks Applied . | . . . . . . Relay Couplers Released . | . . . . . . Fabnet Peak Effective % . | . . . . . . Robots Rewired . | . . . . . . Allies Hacked 1 | . . . . . 1 Hacks Repelled . | . . . . . . Allies | -11 -10 -9 -9 -7 -6 -------- Run | Yrd Mat Mat Min Zio Pro Total Allies 6 | . . . . 6 . Largest Group 6 | . . . . 6 6 Highest-Rated Group 218 | . . . . 218 218 Highest-Rated Ally 40 | . . . . 40 40 Total Orders . | . . . . . . Ally Attacks 26 | . . . . . 26 Total Damage 459 | . . . . . 459 Kills 3 | . . . . . 3 Allies Corrupted 1 | . . . . . 1 Allies Melted . | . . . . . . Intel | -11 -10 -9 -9 -7 -6 ------- Run | Yrd Mat Mat Min Zio Pro Robot Analysis Total . | . . . . . . Derelict Logs Recovered 5 | . . . 1 2 2 Drone Launches . | . . . . . . Drone Recoveries . | . . . . . . Exploration | -11 -10 -9 -9 -7 -6 ------------- Run | Yrd Mat Mat Min Zio Pro Turns Passed 8558 | 116 442 1944 106 4007 1943 Spaces Moved 4270 | 70 305 966 55 1927 947 Core 19 | 19 . . . . . Treads 2610 | . . 330 55 1927 298 Legs 1541 | 51 305 536 . . 649 Wheels 100 | . . 100 . . . Hover . | . . . . . . Flight . | . . . . . . Fastest Speed 50 | 50 120 80 145 145 120 Average Speed 181 | 101 120 150 155 204 192 Slowest Speed 225 | 120 120 225 225 225 225 Overloaded Moves . | . . . . . . Propulsion Burnouts . | . . . . . . Robots Hopped . | . . . . . . Cave-ins Triggered . | . . . . . . Exploration Rate (%) 48 | 7 44 68 14 93 67 Regions Visited 5 Branch Regions 3 Pre-discovered Areas 1 | . . . . . 1 Known Exits Taken 4 | . 1 1 1 1 . Unknown Exits Taken 1 | 1 . . . . . Scrap Searched 5 | . . . 1 2 2 Spaces Dug . | . . . . . . Terrain Destroyed 253 | . 66 42 . . 145 Melee . | . . . . . . Projectile . | . . . . . . AOE 253 | . 66 42 . . 145 Terrain Rammed 1 | . . . . . 1 Walls Destroyed . | . . . . . . Machines Disabled . | . . . . . . Actions | -11 -10 -9 -9 -7 -6 --------- Run | Yrd Mat Mat Min Zio Pro Total 4820 | 94 345 1291 68 1998 1024 Wait 140 | . 3 88 1 41 7 Move 4265 | 69 304 965 54 1926 947 Hop . | . . . . . . Pick Up 47 | 7 3 19 . 7 11 Fast Attach 45 | 3 4 27 1 5 5 Attach 21 | 3 . 11 . 2 5 Detach 5 | 1 . 3 1 . . Swap 42 | . 3 28 1 4 6 Drop 67 | . 7 34 . 13 13 Fire 172 | 11 21 107 4 . 29 Melee 5 | . . 5 . . . Ram 3 | . . 1 1 . 1 Kick 2 | . . 2 . . . Crush 6 | . . 1 5 . . Escape Stasis . | . . . . . . Rewire . | . . . . . . Trap . | . . . . . . Miscellaneous . | . . . . . . Route ------- -11/Scrapyard -10/Materials (discovered 2 exits: *Mat x2) -9/Materials (discovered 4 exits: *Mat x2 / *Min x2) -9/Mines -7/Zion -6/Proximity Caves (discovered 1 exit: [*Fac]) History --------- Turn | Location | Event 2 | -11/Scrapyard | Met Revision 17 72 | -11/Scrapyard | Discovered new exit (range 8) 117 | -11/Scrapyard | Entered Materials 306 | -10/Materials | Build established: Mutant 327 | -10/Materials | Discovered new exit (range 5) 483 | -10/Materials | Discovered new exit (range 13) 558 | -10/Materials | Identified exit to Materials 559 | -10/Materials | Entered another Materials area 559 | -9/Materials | Evolved 2 slots: Propulsion x2 605 | -9/Materials | Discovered new exit (range 16) 966 | -9/Materials | Destroyed 7 combat bots 973 | -9/Materials | Lost 6 parts (3n1u2w) 1113 | -9/Materials | Lost 4 parts (2n2w) 1194 | -9/Materials | Discovered new exit (range 10) 1205 | -9/Materials | Identified exit to Materials 1294 | -9/Materials | System corruption reached 10% 1584 | -9/Materials | Core integrity fell below 50% 1638 | -9/Materials | Lost 4 parts (1p1n2w) 1798 | -9/Materials | Discovered exit to Materials (range 8) 2015 | -9/Materials | Discovered new exit (range 12) 2253 | -9/Materials | Repaired Lgt. Armor Plating 2288 | -9/Materials | Repaired Shield Generator 2501 | -9/Materials | Identified exit to Mines 2503 | -9/Materials | Entered Mines 2587 | -9/Mines | A Derelict revealed a hidden shortcut to a safe place 2596 | -9/Mines | Learned Materials emergency access door positions 2608 | -9/Mines | Identified exit to Zion 2609 | -9/Mines | Entered Zion 2670 | -7/Zion | Identified exit to Proximity Caves 2691 | -7/Zion | System corruption cleaned by Quarantine Array 2944 | -7/Zion | Found Prototype Device 2944 | -7/Zion | Identified Phasing AFG 3056 | -7/Zion | Found Prototype Special Weapon 3056 | -7/Zion | Identified RU-N14's Throwing Claymores 3059 | -7/Zion | Found RU-N14's Throwing Claymores 3103 | -7/Zion | Gained Derelict followers 3256 | -7/Zion | Learned location of 1 exit from Factory 3741 | -7/Zion | Build established: Derelict-Mutant 3985 | -7/Zion | Found Prototype Launcher 3985 | -7/Zion | Identified Gui. Missile Launcher 4272 | -7/Zion | Build established: Mutant 4704 | -7/Zion | Met Imprinter 4765 | -7/Zion | Imprinted 4767 | -7/Zion | Declared Zion's savior 6616 | -7/Zion | Entered Proximity Caves 6616 | -6/Proximity Caves | Accompanied by 6 allies 6769 | -6/Proximity Caves | Acquired the password to a Derelict Tinkerer's latest research 7048 | -6/Proximity Caves | Found Prototype Special Weapon 7049 | -6/Proximity Caves | Identified Molecular Deconstructor 7204 | -6/Proximity Caves | Caught by Unaware searching for contraband prototypes 7205 | -6/Proximity Caves | Core integrity fell below 20% 7206 | -6/Proximity Caves | Caught by Unaware searching for contraband prototypes 7230 | -6/Proximity Caves | Lost 5 allies 7426 | -6/Proximity Caves | Learned location of 1 exit from Factory 7994 | -6/Proximity Caves | Attracted the attention of an 0b10 checkpoint 8037 | -6/Proximity Caves | Lost 3 parts (2n1u) 8103 | -6/Proximity Caves | Discovered new exit (range 11) 8520 | -6/Proximity Caves | Spotted B-75 Beast 8559 | -6/Proximity Caves | Destroyed by B-75 Beast with Magnetic Acceleration Cannon Last Messages --------------- Found 51 Matter. Acquired 19 matter. [Achievement: Serviceable Loadout] Mak. Hacking Suite ripped apart by quantum tension. Dropped Phasing AFG. Dropped Corrupted Salvage Targeting Computer. Acquired Lyr. Medium Armor Plating. Acquired Phasing AFG. Dropped Magnetic Acceleration Cannon. Acquired Magnetic Acceleration Cannon. System corrupted: IFF burst signal emitted. Dropped Molecular Deconstructor. Acquired Molecular Deconstructor. |/ MRYUCA5Q&OT,8S17M4 System corrupted: Matter fused (-10). Acquired 4 matter. Adv. Treads destroyed. Acquired 2 matter. System corrupted: Heat flow error (+184). [Achievement: 5k Club] Map ----- +----------------------------------------------------+ | ### #?# #??????????????????? | | ####### #??# #??????????????????? | | # ##???### #??# ! ##?????????????????? | | ##### ##????# #??## ! #?????????????????? | | #???# ## #?????## ##???# ! #?????????????????? | | #???# #### ##??????# #???## ##?????????????????? | | #???###??# #??????## #???# #??????????????????? | | ?????????# #????### #???# #??????????????????? | | ?????????# #???## ##### #??????????????????? | | ###???#### #???# ## #??????????????????? | | #???# #???# ##??????????????????? | | #???# ####???# ### ###????##?????????????? | | ##### #####??# ##?## ##??? #"####??????????? | | #??# #???####???? BB #??????????? | | ########## #??# #?????????? BB #??????????? | | #????????# #??## #???????### " ""#????????? | | ##???????# ##### #????#### ?# ?????? | | #???????# ## #????# #?? ??? | | ##???????### ## #????## ;;##??? #??? | | ##??????????# ## #?????# ;##????? ?? | | ????????##### ## #????## #?????? ?? | | ???????## ## ## #???## #??????## ?? | | ???????# ## #??## #???????? ?? | | ??????## ## #??# ## #??????? ??? | | ??????# #?## ##?# #??????? ??? | | ??????## ### % @ ##### #???????#????? | | ???????# ## ## #????????????? | | ???????# #?####????????????? | | ???????## ## #### #?????????????????? | | ????????## ## ##????#?????????????????? | | ?????????## #???????????? ??????? | | ??????????## ## #???????????? ???????? | | ???????????## ### #????????#### ????????? | | ????????????# #?# ##????????? #????##??? | | ??????####### #?# ##?????????? ##?## ?? | | ??????# #### #?## #??????????? ## ?? | | ??????# """ #??# #??# #??????????? ?? | | ??????# """ ##?# #??# #??###??????# ? | | ??????# """ #?# #??# #### ######## ? | | ??????# """ ### #??# # ## ## ? | | ?????## #??# #### # ? | | ?????# #??# | | ?????# ######??# ? | | ?????#### #???????###### %## ###???????? | | ????????# ##????????????## ## ####??????? | | ????????# #??????####????## ### ##?????? | | ????????## #?###### ##????# #?# #?????? | | ??????#### #?# ##???## #?# ###???? | | ??????# #?# #????# #?##### #???? | | ??????# ### ## #???## #?????### ##??? | +----------------------------------------------------+ Best States ------------- Heat Dissipation 47 Energy Generation 18 Energy Capacity 540 Matter Stores 300 Matter Capacity 300 Sight Range 16 Terrain Scan Density 10 Armor Coverage 325 Resistance: EM 15 Evasion (%) 55 Recoil Reduction 3 Item Schematics ----------------- Imp. Core Shielding | -7/Zion | Archive Arm. Huge Wheel | -7/Zion | Archive Adv. ECM Suite | -7/Zion | Archive Angular Momentum Engine | -7/Zion | Archive Field Propulsion Drive | -7/Zion | Archive Imp. Carbon-fiber Leg | -7/Zion | Archive Fission Core | -7/Zion | Archive Adv. Assault Cannon | -7/Zion | Archive Hvy. Pick | -7/Zion | Archive Hvy. Missile Launcher | -7/Zion | Archive Imp. Proton Missile Launcher | -7/Zion | Archive Weapon Cycler | -7/Zion | Archive Imp. Particle Charger | -7/Zion | Archive Med. Treads | -7/Zion | Archive Adv. Cooling System | -7/Zion | Archive Robot Schematics ------------------ R-06 Scavenger | -7/Zion | Archive L-41 Fighter | -7/Zion | Archive S-27 Virus | -7/Zion | Archive Fabricated ------------ Nothing Alien Tech Used ----------------- None Achievements -------------- 5k Club Crack Shot Deconstruction Everything Is Under Control Loot Pinata Novice Programmer Remodeling Robot Respite Serviceable Loadout System Compromised The More The Merrier The One Tourist Challenges ------------ None Game ------ Seed ZhirovRingSpiker Manual? 0 Play Time 01:47:08 Cumulative 2.5 hours Start 2024.11.18 @ 13:49:51 End 2024.11.18 @ 15:48:25 Sessions 1 Manual Loads 0 Difficulty Rogue Special Mode None Game No. 3 Rogue 3 Adventurer 0 Explorer 0 Win Type - Total 0 Types 0/0/0/0/0/0/0/0/0 Lore% 3 Gallery% 4 Achievement% 8 Wizard Run 0 Options --------- Layout 0 ASCII 0 Keyboard 0 Movement Mouse Keybinds 0 Fullscreen 2 Font 24/X11 Map View 76x50 Zoom Use 0% Tactical HUD 0 Map Filters NONE Filters NONE Steam 1 RUN: 0f77b5bd-b37d-4508-8379-9e5ba4994cd4